[Event "35th Roquetas Festival 2024"]
[Site "Roquetas de Mar"]
[Date "2024.01.05"]
[Round "6.9"]
[White "Korneev Leskova, Svyatoslav"]
[Black "Fernandez, Daniel Howard"]
[Result "0-1"]
[ECO "A11"]
[WhiteElo "2248"]
[BlackElo "2525"]
[Annotator "TA"]
[PlyCount "132"]
[EventDate "2024.01.02"]
[EventType "swiss"]
[EventCountry "ESP"]
[SourceTitle "playchess.com"]
[Source "ChessBase"]
[SourceQuality "1"]
[TimeControl "5400+30"]

1. c4 c6 2. Nf3 d5 3. e3 Nf6 4. b3 g6 5. Bb2 Bg7 6. d3 {[%emt 0:02:31] A12: English Opening: 1...c6 with b3 by White.} O-O 7. Be2 Bg4 8. Nbd2 {[%emt 0:01:42] White has an edge.} e6 9. O-O Nbd7 10. Ne5 Bxe2 11. Qxe2 {[%emt 0:00:05] [#]} a5 $146 ({Predecessor:} 11... Nxe5 12. Bxe5 Nd7 13. Bxg7 Kxg7 14. f4 Qf6 15. Nf3 a5 16. Rab1 Rfd8 17. d4 Qe7 {½-½ Torvenyi,R (2027)-Sykora,J (2096) CZE-chT2D 1314 2013 (5.6)}) 12. Nxd7 Qxd7 13. a3 Rfd8 14. Rfd1 Qe7 15. Be5 h5 16. d4 Ne4 {[%emt 0:01:53] ...Nc3 would be deadly.} 17. Bxg7 Kxg7 ({Much less strong is} 17... Nc3 18. Qd3 Nxd1 19. Be5 $16) 18. Nxe4 dxe4 19. Qb2 h4 20. h3 Rd7 21. d5+ Qf6 $1 22. Qxf6+ Kxf6 23. dxe6 Kxe6 {[%emt 0:00:03] Hoping for ...Rad8.} 24. Rxd7 Kxd7 $11 {[%emt 0:00:02][%mdl 4096] Endgame KR-KR} 25. Rd1+ Kc7 26. Rd4 Re8 27. Kf1 f5 28. Ke2 b6 29. f3 c5 30. Rd5 {[%emt 0:05:38] [#]} (30. Rd1 $15) 30... a4 $1 31. bxa4 exf3+ 32. gxf3 Ra8 33. Rd3 (33. Re5 $1 $15) 33... Rxa4 $17 34. Rc3 g5 35. Kd3 Kd6 {[%emt 0:00:22] Black is more active.} 36. Rb3 {[%emt 0:00:49] [#]} Ke5 (36... b5 $1 $17 37. Rxb5 Rxa3+ 38. Ke2 Ra2+ 39. Kf1 Rh2 40. Rb6+ Ke7 41. Rb7+ Kf6 42. Rb6+ Kg7 43. Rb7+ Kg6 44. Rb6+ Kg7 45. Rb7+ Kf6 46. Rb6+ Kg7) 37. Rxb6 $15 Rxa3+ 38. Ke2 Ra2+ 39. Kd3 $2 {[%emt 0:00:20][%mdl 8192] [#] Black continues to play with concentration.} (39. Kf1 $1 $15) 39... Rf2 $2 (39... Rh2 $1 $19 40. Rc6 Rxh3 41. Rxc5+ Kf6 42. Rc6+ Kf7 43. Rc7+ Kg6) 40. Rg6 $2 (40. f4+ $11 gxf4 41. exf4+ Kxf4 42. Rb5) 40... Rxf3 $19 41. Rxg5 Rxh3 42. Rh5 Rh1 43. Ke2 Ke4 44. Kf2 Rh2+ 45. Kg1 Rc2 46. Rxh4+ Kxe3 47. Rh5 Ke4 48. Rh4+ f4 49. Rh5 Rxc4 50. Rh8 {[%emt 0:00:17] Black mates.} Ke3 51. Re8+ Kf3 52. Re7 Rc2 53. Rh7 c4 54. Rh3+ Kg4 55. Rh8 Rd2 56. Rc8 Kg3 57. Rg8+ Kf3 58. Rc8 Rd4 59. Rc7 Ke3 60. Kf1 Rd1+ 61. Kg2 f3+ 62. Kg3 Rg1+ 63. Kh2 Rg4 64. Kh3 Rf4 65. Kg3 f2 66. Re7+ Kd4 {[%emt 0:00:21] Weighted Error Value: White=0.37/Black=0.18 (very precise)} 0-1

[Event "35th Roquetas Festival 2024"]
[Site "Roquetas de Mar"]
[Date "2024.01.05"]
[Round "6.10"]
[White "Tejedor Fuente, Enrique"]
[Black "Del Prado Rodriguez, Xulio"]
[Result "1/2-1/2"]
[ECO "A13"]
[WhiteElo "2395"]
[BlackElo "2294"]
[Annotator "RC"]
[PlyCount "138"]
[EventDate "2024.01.02"]
[EventType "swiss"]
[EventCountry "ESP"]
[SourceTitle "playchess.com"]
[Source "ChessBase"]
[SourceQuality "1"]
[TimeControl "5400+30"]

1. c4 e6 2. Nf3 d5 3. e3 Nf6 4. b3 dxc4 5. Bxc4 a6 6. O-O c5 7. Bb2 Be7 8. d4 O-O 9. Nbd2 Nc6 10. dxc5 Bxc5 11. Qe2 Qe7 12. a3 e5 13. b4 Bd6 14. Ng5 Bf5 15. Qf3 Bg6 16. Nde4 Nxe4 17. Nxe4 Rfd8 18. Rac1 Rac8 19. Bd5 Bb8 20. Nc5 a5 21. e4 axb4 22. axb4 Bd6 23. Qb3 b6 24. Ne6 fxe6 25. Bxc6 Bxb4 26. Bxe5 Bc5 27. Qa4 Rd2 28. Rcd1 Rxd1 29. Rxd1 Bxf2+ 30. Kxf2 Qc5+ 31. Qd4 Qxc6 32. Qd7 Rf8+ 33. Kg3 Qxd7 34. Rxd7 Rf7 35. Rd8+ Rf8 36. Rd6 Bxe4 37. Rxe6 Bd5 38. Rxb6 h6 39. Rd6 Bb3 40. Rb6 Bd5 41. Rb5 Bc4 42. Rb4 Be6 43. h3 Rf7 44. Kh2 Kh7 45. g4 Bd5 46. Rb2 Ra7 47. Rd2 Ra2 48. Bb2 Bf7 49. Kg3 Ra7 50. h4 Rb7 51. Bc3 Be6 52. Re2 Bc4 53. Re4 Bd5 54. Rd4 Bf7 55. Rd6 Rb3 56. Rc6 Rb7 57. h5 Bd5 58. Rc5 Bf7 59. Kh4 Rd7 60. g5 hxg5+ 61. Rxg5 Bb3 62. Rb5 Bd1 63. Rg5 Bc2 64. Rg2 Bd3 65. Rd2 Bf5 66. Rf2 Bd3 67. Rb2 Rc7 68. Bd2 Rc2 69. Rxc2 Bxc2 1/2-1/2

[Event "35th Roquetas Festival 2024"]
[Site "Roquetas de Mar"]
[Date "2024.01.05"]
[Round "6.11"]
[White "Camacho Collados, Jose"]
[Black "Bru Rullo, Llatzer"]
[Result "1-0"]
[ECO "B40"]
[WhiteElo "2381"]
[BlackElo "2278"]
[Annotator "RC"]
[PlyCount "53"]
[EventDate "2024.01.02"]
[EventType "swiss"]
[EventCountry "ESP"]
[SourceTitle "playchess.com"]
[Source "ChessBase"]
[SourceQuality "1"]
[TimeControl "5400+30"]

1. e4 c5 2. Nf3 e6 3. d3 Nc6 4. g3 Nf6 5. Bg2 d6 6. O-O Be7 7. Re1 O-O 8. c3 Bd7 9. a3 Qc7 10. b4 Rfd8 11. bxc5 dxc5 12. e5 Nd5 13. c4 Nb6 14. Nc3 Be8 15. Qe2 a6 16. Rb1 Rab8 17. Bf4 Nc8 18. h4 Qd7 19. Red1 Nd4 20. Nxd4 Qxd4 21. Ne4 Kh8 22. Be3 Qd7 23. Nxc5 Qc7 24. Rxb7 Rxb7 25. Nxb7 Rd7 26. c5 Qxe5 27. d4 1-0

[Event "35th Roquetas Festival 2024"]
[Site "Roquetas de Mar"]
[Date "2024.01.05"]
[Round "6.12"]
[White "Gomez Sanjuan, Hector Fernando"]
[Black "Bernal Moro, Luis Javier"]
[Result "1/2-1/2"]
[ECO "E91"]
[WhiteElo "2139"]
[BlackElo "2370"]
[Annotator "ChessBase"]
[PlyCount "60"]
[EventDate "2024.01.02"]
[EventType "swiss"]
[EventCountry "ESP"]
[SourceTitle "playchess.com"]
[Source "ChessBase"]
[SourceQuality "1"]
[TimeControl "5400+30"]

1. d4 Nf6 2. c4 g6 3. Nc3 Bg7 4. e4 d6 5. Nf3 O-O 6. Be2 Nbd7 7. O-O e5 8. Qc2 c6 9. d5 c5 10. Bg5 h6 11. Bd2 Nh7 12. g3 Kh8 13. a3 Ng5 14. Nxg5 hxg5 15. Bg4 Bf6 16. f3 Be7 17. Bxd7 Bxd7 18. g4 Kg7 19. Kg2 f5 20. h3 Qc8 21. Qd1 Rf7 22. Qe2 Qc7 23. Be3 a6 24. Rac1 Rc8 25. Qd2 Qd8 26. Qe2 Qc7 27. Rb1 b6 28. Rfc1 f4 29. Bf2 Rff8 30. b4 Rb8 1/2-1/2

[Event "35th Roquetas Festival 2024"]
[Site "Roquetas de Mar"]
[Date "2024.01.05"]
[Round "6.13"]
[White "Macak, Stefan"]
[Black "Serrano Almendros, Angel"]
[Result "1-0"]
[ECO "B45"]
[WhiteElo "2354"]
[BlackElo "2250"]
[Annotator "ChessBase"]
[PlyCount "55"]
[EventDate "2024.01.02"]
[EventType "swiss"]
[EventCountry "ESP"]
[SourceTitle "playchess.com"]
[Source "ChessBase"]
[SourceQuality "1"]
[TimeControl "5400+30"]

1. e4 c5 2. Nc3 Nc6 3. Nf3 e6 4. d4 cxd4 5. Nxd4 Nf6 6. a3 Be7 7. Be3 a6 8. Be2 O-O 9. Qd2 b5 10. g4 Nxd4 11. Qxd4 d6 12. g5 Nd7 13. h4 Bb7 14. O-O-O Rc8 15. f4 Nc5 16. h5 Bxe4 17. h6 e5 18. fxe5 Bxh1 19. hxg7 Re8 20. Qh4 Be4 21. Nxe4 Nxe4 22. Rh1 Nxg5 23. Bd3 f5 24. Bxf5 dxe5 25. Bxh7+ Kf7 26. Qh5+ Ke6 27. Qg6+ Bf6 28. Bxg5 1-0

[Event "35th Roquetas Festival 2024"]
[Site "Roquetas de Mar"]
[Date "2024.01.05"]
[Round "6.14"]
[White "Bravo De La Vega, Alvaro"]
[Black "Raczek, Krzysztof"]
[Result "0-1"]
[ECO "B12"]
[WhiteElo "2121"]
[BlackElo "2347"]
[Annotator "RC"]
[PlyCount "130"]
[EventDate "2024.01.02"]
[EventType "swiss"]
[EventCountry "ESP"]
[SourceTitle "playchess.com"]
[Source "ChessBase"]
[SourceQuality "1"]
[TimeControl "5400+30"]

1. e4 c6 2. d4 d5 3. e5 Bf5 4. Bd3 Bxd3 5. Qxd3 e6 6. Ne2 Qa5+ 7. Nd2 Qa6 8. c4 Nd7 9. O-O Bb4 10. b3 Ne7 11. Nc3 Rc8 12. Bb2 O-O 13. a3 Bxc3 14. Qxc3 c5 15. cxd5 Nxd5 16. Qf3 cxd4 17. Bxd4 Ne7 18. Nc4 Rcd8 19. a4 Nc6 20. Bb2 Na5 21. Nxa5 Qxa5 22. Qxb7 Nc5 23. Qb5 Qxb5 24. axb5 Nxb3 25. Ra3 Nd2 26. Rc1 Nc4 27. Rb3 Rd5 28. f4 Na5 29. Rb4 Rb8 30. Bd4 h5 31. Bxa7 Rdxb5 32. Rc8+ Rxc8 33. Rxb5 Nc6 34. Bc5 Rb8 35. Rxb8+ Nxb8 36. h3 Nd7 37. Be3 Kh7 38. Kf2 g5 39. g3 g4 40. hxg4 hxg4 41. Bd4 Kg6 42. Ke3 Kf5 43. Ba7 f6 44. exf6 Nxf6 45. Kf2 Ke4 46. Kg2 Kd3 47. Bb6 Nd5 48. Ba7 Ke2 49. f5 exf5 50. Bb8 Ne3+ 51. Kg1 Kf3 52. Bc7 Nd5 53. Bb8 Nf6 54. Bc7 Ne4 55. Kh2 Kf2 56. Bb6+ Kf1 57. Ba7 f4 58. Bb8 f3 59. Kh1 Ke2 60. Ba7 Nxg3+ 61. Kh2 Ne4 62. Kh1 g3 63. Kg1 f2+ 64. Bxf2 gxf2+ 65. Kh2 Kf3 0-1

[Event "35th Roquetas Festival 2024"]
[Site "Roquetas de Mar"]
[Date "2024.01.05"]
[Round "6.15"]
[White "Shamatava, Nikolozi"]
[Black "Alshameary Puente, Ismael"]
[Result "1-0"]
[ECO "E06"]
[WhiteElo "2088"]
[BlackElo "2317"]
[Annotator "RC"]
[PlyCount "59"]
[EventDate "2024.01.02"]
[EventType "swiss"]
[EventCountry "ESP"]
[SourceTitle "playchess.com"]
[Source "ChessBase"]
[SourceQuality "1"]
[TimeControl "5400+30"]

1. d4 d5 2. c4 e6 3. Nf3 Nf6 4. g3 Be7 5. Bg2 O-O 6. O-O dxc4 7. Qa4 Qd5 8. Nc3 Qc6 9. Qc2 Qa6 10. a4 Bd7 11. Bd2 h6 12. Rfc1 c5 13. dxc5 Bxc5 14. Ne5 Bc6 15. Ne4 Bxe4 16. Bxe4 Bd4 17. Nxc4 Nbd7 18. b4 e5 19. Ra2 Rac8 20. Bf5 b5 21. axb5 Qxb5 22. Ra5 Qb7 23. Qa2 Rc7 24. Be1 Nb6 25. Nd6 Qb8 26. Rd1 Rd8 27. Nb5 Nc4 28. Nxc7 Qxc7 29. Rc1 Bb6 30. Qxc4 1-0

[Event "35th Roquetas Festival 2024"]
[Site "Roquetas de Mar"]
[Date "2024.01.05"]
[Round "6.16"]
[White "Rodriguez Lopez, Rafael"]
[Black "Cuenca Jimenez, Jose Fernando"]
[Result "0-1"]
[ECO "B30"]
[WhiteElo "2152"]
[BlackElo "2514"]
[Annotator "TA"]
[PlyCount "150"]
[EventDate "2024.01.02"]
[EventType "swiss"]
[EventCountry "ESP"]
[SourceTitle "playchess.com"]
[Source "ChessBase"]
[SourceQuality "1"]
[TimeControl "5400+30"]

1. e4 c5 2. Nf3 Nc6 3. Bb5 e5 4. O-O Bd6 5. c3 a6 6. Bd3 {[%emt 0:00:53] B30: Sicilian: 2...Nc6 3 Bb5, lines without ...g6.} ({White should play} 6. Ba4 $14) 6... Nge7 7. Re1 O-O {[%emt 0:02:03] [#]} 8. Bf1 $146 {[%emt 0:00:07] The position is equal.} ({Predecessor:} 8. Bc2 Ng6 9. d3 Bc7 10. Nbd2 d5 11. Nb3 c4 12. dxc4 dxc4 13. Qxd8 Rxd8 14. Nbd2 {0-1 Loskutova,V (2076)-Borisova,E (2234) RUS-chT Blitz (Women) 2022 (9.12)}) 8... b5 9. d4 cxd4 (9... exd4 {keeps more tension.} 10. cxd4 Nxd4 11. Nxd4 cxd4 12. Qxd4 Qc7) 10. cxd4 Nxd4 11. Nxd4 exd4 12. Nd2 Nc6 13. Nf3 Bc5 14. a3 d6 15. h3 {Repels Bg4} Qf6 16. b4 Bb6 17. Bb2 Ne5 18. Rb1 ({White should try} 18. a4 $15) 18... Be6 19. Nxd4 {[%emt 0:04:31] [#]} (19. Be2 $142) 19... Bxh3 $1 $17 20. Qd2 (20. Qb3 Bg4) 20... Qg6 {[%emt 0:05:13] White must now prevent ...Bxd4.} 21. Qe3 Bd7 {[%emt 0:01:51] Black is much more active.} 22. Nf5 Qg4 (22... Bxe3 23. Ne7+ Kh8 24. Nxg6+ hxg6 25. Rxe3 $15) (22... Bxf5 $17 23. exf5 Qg4) 23. Bd4 $15 (23. Qxb6 $2 Nf3+ 24. Kh1 Qh5+) ({Not} 23. Ne7+ $2 Kh8 24. Be2 (24. Qxb6 $2 Nf3+ 25. Kh1 Qh5#) 24... Bxe3 $19) 23... Bxd4 24. Nxd4 Qh4 25. Nf3 Nxf3+ 26. Qxf3 Rfe8 27. g3 Qe7 28. Bg2 Rac8 29. Rbd1 Be6 30. Rd2 Rc6 ({Better is} 30... Red8 $15) 31. Red1 $11 Bc4 32. Qe3 Qc7 33. e5 {[%emt 0:03:14][%cal Re5d6][%mdl 64] Discovered Attack} d5 (33... Rxe5 $2 34. Qxe5 Kf8 35. Rxd6 Rxd6 36. Rxd6 $18) 34. Bxd5 Bxd5 (34... Rxe5 $2 35. Bxc6 h6 36. Rd8+ Kh7 37. Be4+ f5 38. R1d7 Rxe4 39. Rxc7 $18) 35. Rxd5 h6 36. Qf4 Rc4 37. Qf5 {[%emt 0:01:36] And now Rd7 would win.} Rc1 38. Rxc1 Qxc1+ {[%emt 0:00:01][%mdl 4096] Endgame KQR-KQR} 39. Kh2 Qxa3 40. Rd7 Qb3 41. Ra7 Qe6 (41... Qxb4 $2 {is a self mate.} 42. Qxf7+ Kh8 43. Qxg7#) (41... Rf8 $15 42. Qg4 Qa2) 42. Qxe6 Rxe6 {[%emt 0:00:01] KR-KR} 43. f4 g6 44. Kh3 Rc6 45. Kg4 Kf8 46. Ra8+ Ke7 47. f5 $2 {[%emt 0:01:48] Black converts the advantage convincingly.} (47. Ra7+ $11 Ke6 48. Kh4) 47... Rc4+ $19 {[%emt 0:00:19][%mdl 64] Deflection, Double Attack} 48. Kh3 $2 (48. Kf3 gxf5 49. Rxa6) 48... gxf5 ({And not} 48... Rxb4 49. Ra7+ Kf8 50. Ra8+ Ke7 51. Ra7+ Kf8 52. Ra8+ Ke7 $11) 49. Rxa6 Rxb4 50. Rxh6 (50. Rf6 $142 Rb1 51. Kg2) 50... Re4 51. Rb6 Rxe5 52. Kg2 Kd7 53. Rf6 b4 54. Rb6 {[%emt 0:01:17] Prevents Rb5} Re4 55. Kf3 Ke7 {[%emt 0:00:27] Strongly threatening ...Kd7.} 56. Rb8 Kf6 57. Rb5 Kg5 58. Rb7 Kf6 (58... Rd4 $19 {Threatens to win with ...f4.} 59. Rxf7 b3) 59. Rb6+ $2 (59. Rb5 $11) 59... Kg7 60. Rb7 Rc4 61. Rb6 Rd4 (61... Rg4 $142 62. Rb5 Kf6) 62. Ke3 Re4+ 63. Kf3 Rc4 64. Ke3 f6 65. Kf3 Kg6 66. Rb7 $2 (66. Rb8) 66... Rc3+ 67. Kf4 {[%emt 0:00:03] [#]} Rb3 $1 68. Rb8 Rb1 69. Rg8+ Kf7 70. Rb8 Ke6 {[%emt 0:01:41] ...b3 would be deadly.} 71. Rb6+ Kd5 {[%emt 0:00:04] aiming for ...b3.} 72. Rxf6 Rf1+ 73. Ke3 b3 {[%emt 0:00:49][%cal Bb4b3,Bb3b2][%mdl 32] ( -> ...b2)} 74. Rb6 Kc4 (74... Rg1 $142 75. Kf2 Rb1) 75. Kd2 {[%emt 0:00:21] [#]} b2 $1 {[%emt 0:01:29][%mdl 512] Weighted Error Value: White=0.44/Black=0.21 (precise)} 0-1

[Event "35th Roquetas Festival 2024"]
[Site "Roquetas de Mar"]
[Date "2024.01.05"]
[Round "6.17"]
[White "Camacho Collados, Marcos"]
[Black "Bernado Lopez, Roger"]
[Result "1-0"]
[ECO "C65"]
[WhiteElo "2466"]
[BlackElo "2168"]
[Annotator "TA"]
[PlyCount "105"]
[EventDate "2024.01.02"]
[EventType "swiss"]
[EventCountry "ESP"]
[SourceTitle "playchess.com"]
[Source "ChessBase"]
[SourceQuality "1"]
[TimeControl "5400+30"]

1. e4 e5 2. Nf3 Nc6 3. Bb5 Nf6 4. d3 Bc5 5. Bxc6 dxc6 6. Nbd2 {[%emt 0:00:20] C65: Ruy Lopez: Berlin Defence (3...Nf6), unusual lines and 4 0-0 Bc5.} Qe7 7. Qe2 Nd7 8. Nc4 {[%emt 0:01:07] The position is equal.} f6 9. Nh4 {[%emt 0:01:32] [#]} Nf8 $146 ({Predecessor:} 9... Nb6 10. Na5 Bb4+ 11. Bd2 Bxa5 12. Bxa5 Be6 13. a4 O-O 14. O-O c5 15. b3 Nc8 {1-0 Aroshidze,L (2503)-Rizouk,A (2436) Catalunya-chT GpA final 2018 (3.3)}) 10. O-O Be6 11. Be3 O-O-O 12. a4 Kb8 13. Rab1 Bxe3 14. Qxe3 Bxc4 15. dxc4 Qb4 16. b3 Ne6 17. Rfd1 {[%emt 0:03:37] Inhibits Qd2.} Qc5 18. Qc3 Rd4 19. Re1 Rhd8 20. Nf3 {[%emt 0:04:15] Against Rd2} R4d7 21. b4 Qe7 22. c5 Nd4 23. b5 (23. Nxd4 $15 Rxd4 24. Qh3) 23... Nxf3+ $17 24. gxf3 Qe6 ({Black should play} 24... cxb5 $17 25. axb5 b6) 25. Kg2 $15 Rd2 26. a5 (26. bxc6 $1 $15 Qxc6 27. a5) 26... cxb5 $17 27. Rxb5 a6 28. Rb3 {[%emt 0:00:56] Threatens to win with c6.} c6 $1 29. Reb1 R2d7 30. Rb6 Qf7 (30... Ka8 $1 $17) 31. Qb4 (31. Rxc6 $11 {keeps the balance.} Qg6+ 32. Kh3) 31... Ka8 $1 32. h3 Rd1 {[%emt 0:03:09] ( -> ...Qg6+)} 33. h4 Rxb1 34. Qxb1 {[%emt 0:00:06][%mdl 4096] Endgame KQR-KQR} Qg6+ 35. Kf1 (35. Kh3 $17 {was forced.} Rd7 36. Rb3) 35... Rd7 $1 $19 36. Rb3 Qh5 37. Rd3 {[%emt 0:01:35] [#]} Qxh4 $1 38. Qb3 Qh3+ (38... Rxd3 $1 $19 39. cxd3 Qh1+ 40. Ke2 Qa1) 39. Ke2 (39. Kg1 $17 {keeps fighting.} Rxd3 40. Qxd3) 39... Rxd3 $1 40. cxd3 {[%emt 0:00:26] [#] KQ-KQ} Qc8 {[%emt 0:00:15] Prevents Qg8} (40... Qd7 $1 $19 {aiming for ...h5.} 41. Ke1 Kb8) 41. Qf7 $17 Qd8 42. Qxg7 Qxa5 (42... Ka7 $17 {And now ...h5 would win.} 43. Qxh7 Qxa5) 43. Qxf6 $11 Qxc5 44. f4 $1 Qc2+ {[%emt 0:00:17][%mdl 64] Deflection} 45. Kf3 $1 Qxd3+ 46. Kg4 Qxe4 47. Qxe5 Qg2+ 48. Kh5 Qh3+ (48... Qxf2 $5 49. f5 $8 Qg1 $11) 49. Kg5 {[%emt 0:00:04] Hoping for f5.} Qg2+ 50. Kf6 {[%emt 0:00:44] f5 is the strong threat.} Qxf2 $2 (50... b5 $11 {and Black is okay.}) 51. f5 $18 {[%emt 0:00:11][%cal Bf4f5,Bf5f6][%mdl 32] White is clearly winning.} c5 {[%emt 0:00:47] [#]} (51... Qh4+ $142 52. Ke6 Qh5) 52. Ke7 $1 c4 53. f6 {[%emt 0:00:06] What a bad dream for Black.   Weighted Error Value: White=0.18 (very precise) /Black=0.27 (precise)} 1-0

[Event "35th Roquetas Festival 2024"]
[Site "Roquetas de Mar"]
[Date "2024.01.05"]
[Round "6.18"]
[White "Martinez Piqueras, Carlos"]
[Black "Huerga Leache, Mikel"]
[Result "1/2-1/2"]
[ECO "C07"]
[WhiteElo "2126"]
[BlackElo "2424"]
[Annotator "RC"]
[PlyCount "109"]
[EventDate "2024.01.02"]
[EventType "swiss"]
[EventCountry "ESP"]
[SourceTitle "playchess.com"]
[Source "ChessBase"]
[SourceQuality "1"]
[TimeControl "5400+30"]

1. e4 e6 2. d4 d5 3. Nd2 c5 4. exd5 Qxd5 5. Ngf3 cxd4 6. Bc4 Qd7 7. O-O Nc6 8. Nb3 a6 9. Nbxd4 Nxd4 10. Nxd4 Qc7 11. Bd3 Bd6 12. h3 Nf6 13. Re1 Bd7 14. Qf3 O-O-O 15. Be3 Bc5 16. b4 Bxd4 17. Bxd4 Bc6 18. Qe3 Nd5 19. Qe5 Qxe5 20. Bxe5 Nxb4 21. Be4 f6 22. Bc3 Bxe4 23. Bxb4 Rd4 24. c3 Rc4 25. a4 Rd8 26. Rad1 Bd5 27. a5 Kd7 28. Rd4 Rdc8 29. Red1 g6 30. f4 Rxd4 31. Rxd4 Rc4 32. Kf2 Kc6 33. Rxc4+ Bxc4 34. g3 b6 35. axb6 Kxb6 36. Ke3 Bf1 37. h4 Kb5 38. Kd4 Ka4 39. Be7 a5 40. c4 e5+ 41. fxe5 fxe5+ 42. Kd5 e4 43. Kxe4 Bxc4 44. Kd4 Kb3 45. Ke3 a4 46. Kd2 a3 47. Kc1 Bd3 48. Bf6 Kc4 49. Be7 Kb3 50. Bf6 Bf5 51. Bg7 a2 52. Bf6 Be6 53. Bg7 Kc4 54. Kb2 Kd3 55. Be5 1/2-1/2

[Event "35th Roquetas Festival 2024"]
[Site "Roquetas de Mar"]
[Date "2024.01.05"]
[Round "6.19"]
[White "Fernandez, Maria Florencia"]
[Black "Luque Saiz, Andres"]
[Result "0-1"]
[ECO "A41"]
[WhiteElo "2074"]
[BlackElo "2328"]
[Annotator "RC"]
[PlyCount "100"]
[EventDate "2024.01.02"]
[EventType "swiss"]
[EventCountry "ESP"]
[SourceTitle "playchess.com"]
[Source "ChessBase"]
[SourceQuality "1"]
[TimeControl "5400+30"]

1. d4 d6 2. c4 e5 3. Nc3 exd4 4. Qxd4 Nc6 5. Qd2 Nf6 6. Nf3 Be6 7. e4 Ne5 8. b3 Nxf3+ 9. gxf3 g6 10. Bb2 Bg7 11. Be2 Qe7 12. Rg1 c6 13. O-O-O O-O-O 14. Kb1 Ne8 15. Nd5 cxd5 16. cxd5 Kb8 17. dxe6 fxe6 18. Bxg7 Nxg7 19. Qb4 Qc7 20. Rd2 Qc5 21. Qxc5 dxc5 22. Rgd1 Rxd2 23. Rxd2 Kc7 24. Rc2 Kc6 25. Rd2 Rf8 26. Kb2 Nh5 27. a4 Kc7 28. Kc3 Nf4 29. Bb5 a6 30. Bf1 g5 31. b4 Ng6 32. Be2 cxb4+ 33. Kxb4 Ne5 34. Rc2+ Kd6 35. Rd2+ Kc7 36. Rc2+ Nc6+ 37. Kb3 Rd8 38. Kb2 Rd4 39. Ka3 Kd6 40. Rb2 Kc7 41. Rc2 Rd7 42. Bc4 Re7 43. e5 Kb6 44. Re2 Nd4 45. Re4 Kc5 46. Be2 Rf7 47. Bd1 Nxf3 48. Rg4 h6 49. Rg3 Nxe5 50. Bb3 Nc4+ 0-1

[Event "35th Roquetas Festival 2024"]
[Site "Roquetas de Mar"]
[Date "2024.01.05"]
[Round "6.20"]
[White "Garrido Diaz, Jose Antonio"]
[Black "Castro Quijano, Eduardo"]
[Result "1-0"]
[ECO "C47"]
[WhiteElo "2291"]
[BlackElo "2103"]
[Annotator "RC"]
[PlyCount "107"]
[EventDate "2024.01.02"]
[EventType "swiss"]
[EventCountry "ESP"]
[SourceTitle "playchess.com"]
[Source "ChessBase"]
[SourceQuality "1"]
[TimeControl "5400+30"]

1. e4 e5 2. Nf3 Nf6 3. Nc3 Nc6 4. g3 d5 5. exd5 Nxd5 6. Bg2 Nxc3 7. bxc3 Bd6 8. O-O O-O 9. d3 h6 10. Rb1 Rb8 11. Nd2 Bd7 12. Nc4 f5 13. Bd5+ Kh8 14. Nxd6 cxd6 15. Qh5 Qf6 16. f4 Be6 17. fxe5 Nxe5 18. Bg5 Qf7 19. Qxf7 Bxf7 20. Bxf7 Rxf7 21. Be3 b6 22. Rb5 Re8 23. Rd5 Ng4 24. Bd4 Re2 25. h3 Ne3 26. Bxe3 Rxe3 27. Kg2 f4 28. Rxf4 Rxf4 29. gxf4 Re2+ 30. Kf3 Rxc2 31. c4 Rxa2 32. Rxd6 Rh2 33. Rd8+ Kh7 34. Ra8 Rxh3+ 35. Ke4 Rh1 36. Rxa7 h5 37. Rb7 Rb1 38. Kf5 Rd1 39. Ke4 Rb1 40. f5 Kg8 41. Kf4 Rd1 42. Rd7 Rg1 43. Rb7 Rd1 44. Rd7 h4 45. Kg4 Rh1 46. Rd6 h3 47. Kg3 Kf7 48. Rxb6 Rf1 49. Rb5 Kf6 50. Rd5 Rh1 51. c5 Kg5 52. d4 Kf6 53. c6 h2 54. Rc5 1-0

[Event "35th Roquetas Festival 2024"]
[Site "Roquetas de Mar"]
[Date "2024.01.05"]
[Round "6.21"]
[White "Gomez Arce, Alejandro"]
[Black "Iglesias Ferreira, Andres"]
[Result "1-0"]
[ECO "A05"]
[WhiteElo "2074"]
[BlackElo "2278"]
[Annotator "RC"]
[PlyCount "104"]
[EventDate "2024.01.02"]
[EventType "swiss"]
[EventCountry "ESP"]
[SourceTitle "playchess.com"]
[Source "ChessBase"]
[SourceQuality "1"]
[TimeControl "5400+30"]

1. Nf3 Nf6 2. g3 d5 3. Bg2 e6 4. O-O Bd6 5. d3 O-O 6. Nbd2 c5 7. e4 Nc6 8. Re1 Qc7 9. Qe2 dxe4 10. dxe4 e5 11. c3 b6 12. Nf1 h6 13. Nh4 Bg4 14. Bf3 Be6 15. Ne3 Ne7 16. Ng4 Nxg4 17. Bxg4 Qd7 18. Bxe6 Qxe6 19. Be3 Rad8 20. a4 Bc7 21. Qa6 Qc6 22. Qc4 Rd7 23. a5 Rfd8 24. axb6 axb6 25. Nf3 Nc8 26. Kg2 Qb7 27. Qa6 Qc6 28. Qc4 Rd3 29. b4 b5 30. Qxc5 Qb7 31. c4 bxc4 32. Qxc4 R3d7 33. Bc5 Nd6 34. Qa6 Qxa6 35. Rxa6 Nb5 36. Rea1 Nc3 37. Re1 f6 38. Ra7 Nb5 39. Rb7 Nd6 40. Bxd6 Bxd6 41. Rxd7 Rxd7 42. Rd1 Kf7 43. Nh4 Ke6 44. Nf5 g6 45. Nxd6 Rxd6 46. Rxd6+ Kxd6 47. h4 h5 48. f4 Kc6 49. g4 hxg4 50. fxe5 f5 51. exf5 gxf5 52. h5 Kd5 1-0

[Event "35th Roquetas Festival 2024"]
[Site "Roquetas de Mar"]
[Date "2024.01.05"]
[Round "6.22"]
[White "Castillo Rodriguez, Angel Luis"]
[Black "Fiorito, Fabian"]
[Result "1/2-1/2"]
[ECO "A05"]
[WhiteElo "2055"]
[BlackElo "2274"]
[Annotator "RC"]
[PlyCount "65"]
[EventDate "2024.01.02"]
[EventType "swiss"]
[EventCountry "ESP"]
[SourceTitle "playchess.com"]
[Source "ChessBase"]
[SourceQuality "1"]
[TimeControl "5400+30"]

1. Nf3 Nf6 2. g3 g6 3. b3 Bg7 4. Bb2 d6 5. d4 b5 6. Bg2 Bb7 7. O-O O-O 8. c4 bxc4 9. bxc4 Nbd7 10. Nbd2 Rb8 11. Qc2 e5 12. e3 exd4 13. exd4 Re8 14. Rfe1 Rxe1+ 15. Rxe1 Nf8 16. Nb3 Ba8 17. d5 c6 18. dxc6 Bxc6 19. Nfd4 Bxg2 20. Kxg2 Qd7 21. Rd1 Rc8 22. Na5 Ne6 23. Nxe6 Qxe6 24. Qd3 Ne8 25. Bxg7 Kxg7 26. Qd4+ Kg8 27. Rd3 a6 28. Re3 Qd7 29. Nb3 Ng7 30. Qd5 Nf5 31. Rd3 Qa4 32. c5 dxc5 33. Kf3 1/2-1/2

[Event "35th Roquetas Festival 2024"]
[Site "Roquetas de Mar"]
[Date "2024.01.05"]
[Round "6.23"]
[White "Garijo Perez, Hugo"]
[Black "Alba Fernandez, Nicolas"]
[Result "0-1"]
[ECO "B40"]
[WhiteElo "2270"]
[BlackElo "2123"]
[Annotator "RC"]
[PlyCount "55"]
[EventDate "2024.01.02"]
[EventType "swiss"]
[EventCountry "ESP"]
[SourceTitle "playchess.com"]
[Source "ChessBase"]
[SourceQuality "1"]
[TimeControl "5400+30"]

1. e4 c5 2. Nf3 e6 3. c4 Nc6 4. Nc3 Nd4 5. Nxd4 cxd4 6. Ne2 e5 7. d3 Bb4+ 8. Bd2 Bxd2+ 9. Qxd2 d6 10. Ng3 h5 11. h4 g6 12. Be2 Nf6 13. O-O-O b5 14. f4 bxc4 15. dxc4 Bg4 16. fxe5 dxe5 17. Qg5 Qe7 18. Rdf1 Bxe2 19. Qxf6 Qxf6 20. Rxf6 Bxc4 21. Rc6 Bxa2 22. Rc7 O-O 23. Kd2 Rfb8 24. Rc2 Rc8 25. Rhc1 Be6 26. Rc5 Rxc5 27. Rxc5 Rb8 28. Kc2 0-1